 Dungeon Crawl Stone Soup version 0.25-a0-189-gf71692caf1 (webtiles) character file.

Game seed: 10059788376502616449, levelgen mode: deterministic

95 Goreval the Ruffian (level 4, 45/45 HPs)
             Began as a Troll Fighter on Nov 29, 2019.
             Was a Follower of Vehumet.
             Got out of the dungeon alive.
             The game lasted 00:04:28 (1104 turns).

Goreval the Ruffian (Troll Fighter)                 Turns: 1104, Time: 00:04:28

Health: 45/45      AC:  6    Str: 25    XL:     4   Next: 40%
Magic:  3/3        EV:  8    Int:  4    God:    Vehumet [*.....]
Gold:   118        SH:  9    Dex:  9    Spells: 3/3 levels left

rFire    . . .     SeeInvis .     - Unarmed
rCold    . . .     Gourm    +   b - +0 shield
rNeg     . . .     Faith    .   a - +0 robe
rPois    .         Spirit   .   (helmet restricted)
rElec    .         Reflect  .   (no cloak)
rCorr    .         Harm     .   (gloves unavailable)
MR       .....                  (boots unavailable)
Stlth    +.........             (no amulet)
HPRegen  0.55/turn              (no ring)
MPRegen  0.08/turn              (no ring)

@: no status effects
A: large, unfitting armour, claws 3, fast metabolism 3, gourmand, regeneration
1, shaggy fur 1, tough skin 3
a: Renounce Religion


You escaped.
You worshipped Vehumet.
Vehumet was aware of your devotion.
You were full.

You visited 1 branch of the dungeon, and saw 3 of its levels.

You collected 118 gold pieces.

Inventory:

Missiles
 n - 39 stones
 o - 7 boomerangs (quivered)
Armour
 a - a +0 robe (worn)
 b - a +0 shield (worn)
Jewellery
 j - a cursed -2 ring of intelligence {unknown}
 m - an uncursed ring of protection from fire {unknown}
Wands
 u - a wand of flame (24)
Scrolls
 e - a scroll of blinking {unknown}
 f - a scroll of enchant weapon {unknown}
 g - a scroll of magic mapping {unknown}
 h - 2 scrolls of identify {unknown}
 r - a scroll of teleportation {unknown}
 s - 2 scrolls of remove curse {unknown}
Potions
 c - 2 potions of might
 i - a potion of mutation {unknown}
 k - a potion of heal wounds {unknown}
 l - a potion of brilliance {unknown}
 p - a potion of lignification {unknown}
 t - a potion of berserk rage {unknown}
Comestibles
 d - 5 rations


   Skills:
 + Level 3.0 Fighting
 - Level 2.4 Dodging
 + Level 3.0 Shields
 * Level 3.6 Unarmed Combat


You had 3 spell levels left.
You didn't know any spells.
Your spell library was empty.

Dungeon Overview and Level Annotations

Branches:
Dungeon (3/15)

Altars:
Elyvilon
Uskayaw
Vehumet
Yredelemnul


Innate Abilities, Weirdness & Mutations

You are too large for most types of armour.
You have claws for hands.
Your metabolism is lightning-fast.
You like to eat raw meat.
Your natural rate of healing is unusually fast.
You are covered in fur. (AC +1)
You have extremely tough skin. (AC +3)


Message History

Okay, then.
Okay, then.
There is a stone staircase leading up here.
You climb upwards.
There is a stone staircase leading down here.
(D) Dungeon
Where to? (Enter - D:1 @ (x,y), ? - help)
There is a hide-covered altar of Uskayaw here.
There is a stone staircase leading up here.
You climb upwards.
Found a whip.
There is a stone staircase leading down here.
Your extra speed is starting to run out.
Found a granite ring.
Found a hunting sling.
You feel yourself slow down.
You claw the plant!
There is a staircase leading out of the dungeon here.
Are you sure you want to leave the Dungeon?
This will make you lose the game!
You have escaped!

......#+## #.#.########
...##....###.P.P...♣...
...##....##.P♣........##
.........#..♣....P.....#
.####.....♣..P.....P....
............P..P.P.....♣
.#####.....P.P.....P....
. #.................P
.#. ##..P..P...@...P...
... #..♣..............
#... #......P.....P.P..
....##..P.....P.P....♣.
#.....................
#............♣..♣.♣PP.
#......(......P.....#.
######.#.#..P......#.
###...........#####


There were no monsters in sight!

Vanquished Creatures
  An iguana (D:3)
  2 hound skeletons (D:3)
  A worker ant zombie (D:3)
  An ooze (D:2)
  An adder skeleton (D:3)
  A leopard gecko (D:3)
  A giant cockroach (D:1)
  5 goblins
  4 jackals
  A kobold (D:2)
  4 frilled lizards
  2 jackal skeletons (D:3)
  A quokka skeleton (D:3)
  2 rats
27 creatures vanquished.

Notes
Turn   | Place    | Note
-------+----------+-------------------------------------------
     0 | D:1      | Goreval the Troll Fighter began the quest for the Orb.
     0 | D:1      | Reached XP level 1. HP: 22/22 MP: 0/0
    33 | D:1      | You fall into a shaft and drop 1 floor!
    53 | D:2      | Found a hide-covered altar of Uskayaw.
   111 | D:2      | Reached XP level 2. HP: 29/29 MP: 1/1
   437 | D:2      | Found a white marble altar of Elyvilon.
   482 | D:2      | Found a basalt altar of Yredelemnul.
   781 | D:3      | Reached XP level 3. HP: 31/36 MP: 2/2
   878 | D:3      | Reached XP level 4. HP: 38/44 MP: 3/3
   960 | D:3      | Found a faded altar of an unknown god.
   986 | D:3      | Became a worshipper of Vehumet
   986 | D:3      | Reached * piety under Vehumet
   986 | D:3      | Offered knowledge of Sting by Vehumet.
  1104 | D:$      | Got out of the dungeon alive.

Levels and vault maps discovered:
D:1:      wander_arrival_fairy_ring, layout_basic, chequers_garden
D:2:      layout_basic, lemuel_round_altar, kennysheep_ying_yang,
          hangedman_decor_points
D:3:      layout_loops_ring, serial_undead, serial_undead_e, serial_undead_f,
          serial_undead_e, serial_undead_c, serial_undead_b,
          chequers_ecumenical_altar_island

Skill      XL: |  1  2  3  4 |
---------------+-------------+-----
Unarmed Combat | 3 |  3.6
Fighting       | 3 |  3.0
Shields        | 3 |  3.0
Dodging        | |  2.4

Action                   |  1- 3 |  4- 6 || total
-------------------------+-------+-------++-------
Melee: Unarmed           |    47 |    27 ||    74
Throw: Stone             |       |     4 ||     4
  Use: Potion            |       |     1 ||     1
  Eat: Chunk             |     7 |     5 ||    12
Armor: Robe              |    12 |     7 ||    19
Dodge: Dodged            |    16 |     7 ||    23
Block: Shield            |    18 |     6 ||    24

Table legend:
 A = Non-vault XP
 B = Vault XP
 C = Vault XP percentage of total XP
 D = Non-vault monster count
 E = Vault monster count
 F = Vault count percentage of total count
                 A         B        C        D         E       F
            +---------+---------+-------+---------+---------+-------
      Total |      75 |      62 |  45.3 |      20 |       7 |  25.9
            +---------+---------+-------+---------+---------+-------
        D:1 |       3 |       0 |   0.0 |       2 |       0 |   0.0
        D:2 |      21 |       0 |   0.0 |      10 |       0 |   0.0
        D:3 |      51 |      62 |  54.9 |       8 |       7 |  46.7
            +---------+---------+-------+---------+---------+-------
